 Dungeon Crawl Stone Soup version 0.23-a0-49-gd9f7a49 (webtiles) character file.

1400 sighowe the Chopper (level 8, -2/58 HPs)
             Began as a Demonspawn Gladiator on Aug 8, 2018.
             Slain by a nine-headed hydra (6 damage)
             ... on level 6 of the Dungeon.
             The game lasted 00:32:42 (7448 turns).

sighowe the Chopper (Demonspawn Gladiator)          Turns: 7448, Time: 00:32:42

Health: -2/58      AC: 14    Str: 16    XL:     8   Next: 41%
Magic:  9/9        EV: 12    Int: 15    God:
Gold:   271        SH:  0    Dex: 16    Spells: 5/9 levels left

rFire    . . .     SeeInvis .   a - +0 war axe
rCold    . . .     Gourm    .   (no shield)
rNeg     . . .     Faith    .   z - +3 scale mail {MR+}
rPois    +         Spirit   .   k - +0 helmet
rElec    .         Reflect  .   m - -1 cloak
rCorr    .         Harm     .   (no gloves)
MR       +....                  (no boots)
Stlth    ++........             (no amulet)
HPRegen  0.19/turn              n - +6 ring of intelligence
MPRegen  0.11/turn              q - ring of poison resistance

@: no status effects
A: talons 2, yellow scales 2, demonic guardian 1, nightstalker 1
a: no special abilities


You were on level 6 of the Dungeon.
You were not hungry.

You visited 1 branch of the dungeon, and saw 6 of its levels.
You also visited: Sewer.

You collected 271 gold pieces.

Inventory:

Hand Weapons
 a - a +0 war axe (weapon)
 c - a +0 whip of electrocution
Missiles
 d - a throwing net (quivered)
Armour
 k - a +0 helmet (worn)
 m - a -1 cloak (worn)
 z - a +3 scale mail of magic resistance (worn)
Jewellery
 n - a +6 ring of intelligence (left hand)
 q - a ring of poison resistance (right hand)
 r - an uncursed ring of wizardry
Wands
 f - a wand of acid (9)
Scrolls
 e - a scroll of random uselessness
 g - a scroll of amnesia
 h - a scroll of teleportation
 i - a scroll of holy word {unknown}
 j - 2 scrolls of fear
 l - 7 scrolls of identify
 o - 2 scrolls of immolation
Potions
 p - a potion of haste
 s - 2 potions of curing
 t - a potion of brilliance {unknown}
 u - a potion of lignification
 w - a potion of heal wounds


   Skills:
 + Level 3.4 Fighting
 + Level 5.9 Axes
 + Level 1.9 Throwing
 * Level 4.4 Armour
 - Level 4.6 Dodging
 * Level 4.1 Stealth
 * Level 1.0 Spellcasting
 * Level 0.9 Evocations


You had 5 spell levels left.
You knew the following spells:

 Your Spells              Type           Power        Failure   Level  Hunger
a - Sublimation of Blood  Necr           #.........   75%         2    ###....
b - Corpse Rot            Necr           N/A          75%         2    ###....

Your spell library contained the following spells:

 Spells                   Type           Power        Failure   Level  Hunger
 Confuse                  Hex            #.......     94%         3    ####...
 Bolt of Draining         Conj/Necr      #.........   100%        5    ######.
 Dispel Undead            Necr           #.......     100%        5    ######.
 Agony                    Necr           #.......     100%        5    ######.
 Confusing Touch          Hex            #.....       63%         1    ##.....
 Metabolic Englaciation   Hex/Ice        #.........   100%        5    ######.
 Excruciating Wounds      Chrm/Necr      #.........   100%        5    ######.
 Petrify                  Tmut/Erth      #.......     100%        4    #####..
 Gell's Gravitas          Tloc           #.........   94%         3    ####...
 Yara's Violent Unravell  Hex/Tmut       #.........   100%        5    ######.


Dungeon Overview and Level Annotations

Branches:
Dungeon (6/15)
 Temple: D:4-7

Altars:
Ashenzari
Hepliaklqana
Kikubaaqudgha
Qazlal
Sif Muna
Trog
Wu Jian
Xom
Yredelemnul


Innate Abilities, Weirdness & Mutations

You have razor-sharp toenails.
You are mostly covered in yellow scales. (AC +3)
A weak demonic guardian rushes to your aid.
You are slightly more attuned to the shadows.


Message History

A nine-headed hydra is nearby!
Unknown command.
There's nothing to open nearby.
A nine-headed hydra is nearby!
Your white imp gestures at the nine-headed hydra.
The puff of frost hits the nine-headed hydra.
Something hits your white imp. Something barely misses your white imp.
Your white imp closely misses the nine-headed hydra.
There is a transporter here.
You enter the transporter and appear at another place.
A necrophage comes into view.
The nine-headed hydra closely misses you.
The nine-headed hydra bites you! x2
* * * LOW HITPOINT WARNING * * *
The nine-headed hydra barely misses you.
The nine-headed hydra bites you!
* * * LOW HITPOINT WARNING * * *
The nine-headed hydra bites you.
You die...

#######. ######.......
##...........#.. ..
#..#########.... ..#
####.##...§...##..#...#
.....#8.#...#.8#..#...
.....#...#.#./$#....
.....#.......!_#..##
....©#..©....$.#@..#
.....#..!....$_#5D.....
.....#...#.#.)$#.......
.....#8.#...#.8#.....#.
.....##.......##.###.#
......#########..# .#
....#............# .
#######......#.#.
#..?..:#


You could see a nine-headed hydra and a friendly white imp.

Vanquished Creatures
  An ice beast (D:5)
  A sky beast (D:6)
  3 bullfrogs
  A scorpion (D:4)
  A howler monkey (D:4)
  2 crimson imps
  2 hounds
  2 orc priests (D:3)
  3 orc wizards
  Terence (D:3)
  An iguana (D:6)
  3 worker ants
  A hound skeleton (D:6)
  2 gnolls (D:5)
  A river rat (D:3)
  17 adders
  9 oozes (Sewer)
  2 adder skeletons
  A worm (D:2)
  2 dart slugs (D:3)
  10 leopard geckos
  6 orcs
  11 ball pythons
  17 giant cockroaches
  5 goblins
  8 hobgoblins
  16 jackals
  A quokka (D:5)
  6 bats
  16 frilled lizards
  A jackal skeleton (D:4)
  12 kobolds
  A leopard gecko skeleton (D:4)
  A leopard gecko zombie (D:4)
  8 rats
175 creatures vanquished.

Vanquished Creatures (collateral kills)
  3 ogres
  An orc wizard (D:3)
  A gnoll (D:5)
  2 leopard geckos (D:3)
  2 orcs (D:3)
  A kobold (D:3)
  A goblin (D:3)
11 creatures vanquished.

Grand Total: 186 creatures vanquished

Notes
Turn   | Place    | Note
-------+----------+-------------------------------------------
     0 | D:1      | sighowe the Demonspawn Gladiator began the quest for the Orb.
     0 | D:1      | Reached XP level 1. HP: 16/16 MP: 1/1
   238 | D:1      | Gained mutation: You are slightly more attuned to the shadows. [demonic ancestry]
   238 | D:1      | Reached XP level 2. HP: 22/22 MP: 2/2
   317 | D:1      | Reached skill level 3 in Axes
  1233 | D:2      | Reached XP level 3. HP: 24/27 MP: 3/3
  1985 | D:2      | Reached skill level 1 in Armour
  1985 | D:2      | Reached skill level 1 in Stealth
  2029 | D:2      | Found an ancient bone altar of Kikubaaqudgha.
  2191 | D:2      | Gained mutation: A weak demonic guardian rushes to your aid. [demonic ancestry]
  2191 | D:2      | Reached XP level 4. HP: 33/33 MP: 4/4
  2668 | D:3      | Found a hazy altar of Hepliaklqana.
  2670 | D:3      | Found a shimmering altar of Xom.
  2670 | D:3      | Noticed a hell beast
  2671 | D:3      | Noticed a spectral ugly thing
  2671 | D:3      | Noticed a hell beast
  2798 | D:3      | Gained mutation: You are partially covered in yellow scales. (AC +2) [demonic ancestry]
  2798 | D:3      | Reached XP level 5. HP: 37/39 MP: 5/5
  2915 | D:3      | Found a glowing drain.
  2919 | Sewer    | Entered a sewer
  3143 | Sewer    | Reached skill level 4 in Axes
  3593 | Sewer    | Gained mutation: You are mostly covered in yellow scales. (AC +3) [demonic ancestry]
  3593 | Sewer    | Reached XP level 6. HP: 43/46 MP: 6/6
  4290 | D:3      | Noticed Terence
  4304 | D:3      | Killed Terence
  4416 | D:3      | Gained mutation: You have sharp toenails. [demonic ancestry]
  4416 | D:3      | Reached XP level 7. HP: 22/51 MP: 7/7
  4854 | D:4      | Found an ornate altar of the Wu Jian Council.
  5147 | D:4      | Reached skill level 5 in Axes
  5706 | D:5      | Entered Level 5 of the Dungeon
  6072 | D:5      | Found a bloodstained altar of Trog.
  6232 | D:5      | Gained mutation: You have razor-sharp toenails. [demonic ancestry]
  6232 | D:5      | Reached XP level 8. HP: 47/58 MP: 8/8
  6395 | D:5      | Found a basalt altar of Yredelemnul.
  6658 | D:5      | Learned a level 2 spell: Sublimation of Blood
  6898 | D:5      | Learned a level 2 spell: Corpse Rot
  7257 | D:6      | Found a shattered altar of Ashenzari.
  7291 | D:6      | Reached skill level 1 in Spellcasting
  7398 | D:6      | Found a transporter.
  7409 | D:6      | Found a transporter.
  7420 | D:6      | Found a stormy altar of Qazlal.
  7437 | D:6      | Noticed an eight-headed hydra
  7437 | D:6      | Found a deep blue altar of Sif Muna.
  7448 | D:6      | Slain by a nine-headed hydra

Vault maps used:
D:1:      dpeg_arrival_tiny_k, minmay_surrounded
D:2:      lemuel_doored_altar
D:3:      regret_index_temple_of_mockery, gup_sewer_entry_spiral, uniq_terence
D:4:      kennysheep_little_box
D:5:      old_standard_altar, lemuel_coloured_pillars_altar, first_ration
D:6:      gammafunk_temple_overflow_arena, minmay_temple_entry_overgrown,
          ashenzari_altar_1
Sewer:    sewer_frog_island_02

Skill      XL: |  1  2  3  4  5  6  7  8 |
---------------+-------------------------+-----
Axes           | 3 4 5 |  5.9
Dodging        | 3 4 |  4.6
Armour         | 1 2 3 4 |  4.4
Stealth        | 1 2 3 4 |  4.1
Fighting       | 3 |  3.4
Spellcasting   | 1 |  1.0
Throwing       | |  1.9
Evocations     | |  0.9

Action                   |  1- 3 |  4- 6 |  7- 9 || total
-------------------------+-------+-------+-------++-------
Melee: War axe           |   112 |   360 |   159 ||   631
       Kick              |       |       |    46 ||    46
Throw: Throwing net      |     2 |     3 |       ||     5
  Use: Scroll            |     3 |     1 |     8 ||    12
       Potion            |       |     6 |       ||     6
 Stab: Sleeping          |     2 |     3 |     4 ||     9
  Eat: Ration            |     1 |     3 |     2 ||     6
       Chunk             |     1 |       |     3 ||     4
Armor: Leather armour    |    14 |       |       ||    14
       Ring mail         |    42 |   240 |       ||   282
       Skin              |       |    28 |       ||    28
       Scale mail        |       |     4 |    98 ||   102
Dodge: Dodged            |   120 |   339 |   103 ||   562

Table legend:
 A = Spawn XP
 B = Non-spawn XP
 C = Spawn XP percentage of total XP
 D = Spawn monster count
 E = Non-spawn monster count
 F = Spawn count percentage of total count
 G = Total turns spent on level
                    A         B        C        D         E        F      G
               +---------+---------+-------+---------+---------+-------+---------
         Total |       0 |    2001 |   0.0 |       0 |     186 |   0.0 |  7448
               +---------+---------+-------+---------+---------+-------+---------
           D:1 |       0 |      22 |   0.0 |       0 |      15 |   0.0 |   777
           D:2 |       0 |      83 |   0.0 |       0 |      26 |   0.0 |  1701
           D:3 |       0 |     305 |   0.0 |       0 |      46 |   0.0 |  1186
           D:4 |       0 |     417 |   0.0 |       0 |      14 |   0.0 |   859
           D:5 |       0 |     506 |   0.0 |       0 |      18 |   0.0 |  1467
           D:6 |       0 |     333 |   0.0 |       0 |      11 |   0.0 |   275
         Sewer |       0 |     335 |   0.0 |       0 |      56 |   0.0 |  1183
               +---------+---------+-------+---------+---------+-------+---------
